 Dungeon Crawl Stone Soup version 0.19-a0-1365-gb34f4cb (webtiles) character file.

982 mopl the Grappler (level 7, 0/59 HPs)
             Began as a Troll Wizard on Sept 2, 2016.
             Slain by an orc wizard
             ... wielding a +1 dagger of electrocution
              (10 damage)
             ... on level 5 of the Dungeon.
             The game lasted 00:11:12 (2146 turns).

mopl the Grappler (Troll Wizard)                    Turns: 2146, Time: 00:11:13

Health: 0/59       AC:  5    Str: 16    XL:     7   Next: 96%
Magic:  9/9        EV:  9    Int: 14    God:
Gold:   190        SH:  0    Dex:  7    Spells: 4 memorised, 1 level left

rFire  + . .     SeeInvis .       - Unarmed
rCold  . . .     Gourm    +     k - +0 animal skin
rNeg   . . .     Faith    .     (no shield)
rPois  .         Spirit   .     b - +0 hat
rElec  .         Dismiss  .     (no cloak)
rCorr  .         Reflect  .     (gloves unavailable)
MR     .....     Harm     .     (boots unavailable)
Stlth  +.........               (no amulet)
                                B - -3 ring of dexterity (curse)
                                G - ring of protection from fire

@: no status effects
A: unfitting armour, claws 3, fast metabolism 3, gourmand, regeneration 1,
shaggy fur 1, tough skin 2
a: no special abilities


You were on level 5 of the Dungeon.
You were very full.

You visited 1 branch of the dungeon, and saw 7 of its levels.

You collected 190 gold pieces.

Inventory:

Hand Weapons
 m - a +2 scythe of flaming
Missiles
 l - a throwing net (quivered)
 o - 19 poisoned needles
 A - 4 tomahawks
 I - 5 javelins
Armour
 a - a +0 robe
 b - a +0 hat (worn)
 k - a +0 animal skin (worn)
Magical Staves
 F - an uncursed staff of air
Jewellery
 n - a +3 ring of strength
 B - a cursed -3 ring of dexterity (right claw)
 G - a ring of protection from fire (left claw)
Wands
 h - a wand of digging (9/24)
Scrolls
 e - a scroll of recharging {unknown}
 f - 6 scrolls of identify {unknown}
 i - 2 scrolls of remove curse
 p - a scroll of enchant weapon {unknown}
 x - 2 scrolls of amnesia {unknown}
 y - a scroll of magic mapping {unknown}
 C - a scroll of teleportation {unknown}
 J - 2 scrolls of noise {unknown}
Potions
 g - a potion of resistance {unknown}
 r - 2 potions of curing {unknown}
 s - 2 potions of haste {unknown}
 u - a potion of ambrosia {unknown}
 v - 2 potions of heal wounds {unknown}
 w - a potion of flight {unknown}
 D - 2 potions of agility
 E - 2 potions of mutation {unknown}
Books
 c - a book of Minor Magic

   Spells                             Type                      Level
   a - Magic Dart                     Conjuration                  1
   b - Blink                          Translocation                2
   c - Call Imp                       Summoning                    2
   d - Repel Missiles                 Charms/Air                   2
   e - Slow                           Hexes                        2
   f - Conjure Flame                  Conjuration/Fire             3
   g - Mephitic Cloud                 Conjuration/Poison/Air       3
Comestibles
 d - 3 bread rations
 j - 2 slices of pizza
 q - 2 fruits
 t - 2 beef jerkies
 z - 2 meat rations
 H - 3 chunks of flesh


   Skills:
 - Level 1.5(0.7) Dodging
 - Level 1.1(0.5) Stealth
 + Level 9.1(5.1) Unarmed Combat
 - Level 2.0(1.0) Spellcasting
 - Level 0.6(0.3) Conjurations
   Level 0.6(0.3) Summonings
 - Level 0.6(0.3) Translocations


You had one spell level left.
You knew the following spells:

 Your Spells              Type           Power        Failure   Level  Hunger
a - Magic Dart            Conj           #...         24%         1    ##.....
b - Conjure Flame         Conj/Fire      #.......     83%         3    ####...
d - Mephitic Cloud        Conj/Pois/Air  #.......     83%         3    ####...
e - Blink                 Tloc           N/A          34%         2    ###....


Dungeon Overview and Level Annotations

Branches:
Dungeon (7/15)
 Temple: D:4-7

Altars:
Ashenzari
Gozag
Okawaru
Qazlal
Ru
Uskayaw
Xom
Zin
The Shining One


Innate Abilities, Weirdness & Mutations

You are too large for most types of armour.
You have claws for hands.
Your metabolism is lightning-fast.
You like to eat raw meat.
Your natural rate of healing is unusually fast.
You are covered in fur. (AC +1)
You have very tough skin. (AC +2)


Message History

The magic dart hits you!
The orc wizard mumbles some strange words.
The orc wizard flickers and vanishes!
Deactivating autopickup; reactivate with Ctrl-A.
Casting: Magic Dart
Confirm with . or Enter, or press ? or * to list all spells.
The spell is very dangerous to cast!
Continue anyway?
Okay, then.
The orc wizard hits you but does no damage. x2
You scratch the orc wizard. Your claw misses the orc wizard.
The orc wizard is lightly wounded.
The orc wizard hits you but does no damage.
You are electrocuted!
* * * LOW HITPOINT WARNING * * *
The orc drinks a potion.
The orc suddenly seems more agile.
You claw the orc wizard!
The orc wizard is severely wounded.
The orc wizard hits you but does no damage.
You are electrocuted!
You die...

### #.## ##@##
#######
##o####.......
##o##........
##o.........
#o.........
#..>.......
#..........
#..........
#..........


You could see an orc wizard and 3 orcs.

Vanquished Creatures
  Sigmund (D:2)
  An ice beast (D:7)
  A black bear (D:6)
  3 centaurs
  A howler monkey (D:4)
  A hound (D:3)
  An orc priest (D:5)
  An orc wizard (D:5)
  A centaur skeleton (D:6)
  3 worker ants (D:6)
  Robin (D:1)
  4 gnolls (D:1)
  2 howler monkey skeletons (D:4)
  4 adders
  A shadow imp (D:6)
  An adder zombie (D:5)
  2 orcs
  A giant cockroach (D:4)
  13 goblins
  5 hobgoblins
  12 jackals
  2 quokkas
  3 ball pythons
  3 bats
  6 kobolds (D:1)
  2 rats (D:2)
76 creatures vanquished.

Notes
Turn   | Place    | Note
-------+----------+-------------------------------------------
     0 | D:1      | mopl the Troll Wizard began the quest for the Orb.
     0 | D:1      | Reached XP level 1. HP: 16/16 MP: 2/2
    83 | D:1      | Reached skill level 1 in Unarmed Combat
   112 | D:2      | Noticed Robin
   123 | D:2      | Noticed Sigmund
   199 | D:1      | Reached XP level 2. HP: 21/24 MP: 4/4
   208 | D:1      | Learned a level 2 spell: Blink
   286 | D:1      | Reached skill level 2 in Unarmed Combat
   353 | D:1      | HP: 1/24 [gnoll/flail (12)]
   366 | D:1      | HP: 1/24 [gnoll/flail (6)]
   465 | D:1      | Reached XP level 3. HP: 24/31 MP: 5/5
   473 | D:1      | Learned a level 3 spell: Conjure Flame
   554 | D:1      | Reached skill level 3 in Unarmed Combat
   693 | D:1      | Reached XP level 4. HP: 30/39 MP: 6/6
   709 | D:1      | Killed Robin
   754 | D:2      | Killed Sigmund
   754 | D:2      | Reached skill level 5 in Unarmed Combat
   754 | D:2      | Reached XP level 5. HP: 45/45 MP: 7/7
   814 | D:2      | Found a sacrificial altar of Ru.
   947 | D:3      | Found a glowing silver altar of Zin.
  1190 | D:3      | Reached skill level 6 in Unarmed Combat
  1190 | D:3      | Reached XP level 6. HP: 48/53 MP: 8/8
  1205 | D:3      | Learned a level 3 spell: Mephitic Cloud
  1387 | D:5      | Entered Level 5 of the Dungeon
  1401 | D:5      | Found a shimmering altar of Xom.
  1436 | D:4      | Found an iron altar of Okawaru.
  1515 | D:4      | Found a glowing golden altar of the Shining One.
  1568 | D:5      | Found an iron altar of Okawaru.
  1610 | D:6      | Reached skill level 7 in Unarmed Combat
  1610 | D:6      | Reached XP level 7. HP: 22/59 MP: 9/9
  1667 | D:7      | Reached skill level 8 in Unarmed Combat
  1730 | D:6      | Found a hide-covered altar of Uskayaw.
  1735 | D:6      | Found a shattered altar of Ashenzari.
  1746 | D:6      | Became a worshipper of Ashenzari the Shackled
  1747 | D:6      | Fell from the grace of Ashenzari
  1753 | D:6      | Found an opulent altar of Gozag.
  1763 | D:6      | Found a stormy altar of Qazlal.
  2077 | D:6      | Reached skill level 9 in Unarmed Combat
  2146 | D:5      | Slain by an orc wizard

Vault maps used:
D:1:      dpeg_arrival_arbitrary_a
D:2:      nicolae_ru_path_of_blood, minmay_misc_feat_roman, uniq_sigmund,
          uniq_robin
D:3:      zin_statuary
D:4:      kennysheep_mini, lemuel_coloured_pillars_altar
D:5:      first_bread, basic_altar, okawaru_gym_becter
D:6:      grunt_temple_overflow_cloverleaf
D:7:      lightli_temple_of_fire

Skill      XL: |  1  2  3  4  5  6  7 |
---------------+----------------------+-----
Unarmed Combat | 1 2 3 5 6 7 9 |  9.1
Dodging        | |  1.5
Stealth        | |  1.1
Spellcasting   | |  2.0
Conjurations   | |  0.6
Summonings     | |  0.6
Translocations | |  0.6

Action                   |  1- 3 |  4- 6 |  7- 9 || total
-------------------------+-------+-------+-------++-------
Melee: Unarmed           |   123 |    94 |    72 ||   289
       Punch             |       |     2 |     2 ||     4
Throw: Throwing net      |       |     1 |       ||     1
 Cast: Magic Dart        |     1 |       |       ||     1
Invok: Renounce Religion |       |       |     1 ||     1
Evoke: Wand              |       |       |     1 ||     1
 Stab: Held in net/web   |       |     1 |       ||     1
  Eat: Chunk             |    12 |     5 |     8 ||    25
Armor: Robe              |    48 |    29 |       ||    77
       Animal skin       |       |       |    25 ||    25
Dodge: Dodged            |    83 |    45 |    31 ||   159
